 Dungeon Crawl Stone Soup version 0.28.0-1-gb440e238dd (webtiles) character file.

Game seed: 6443892273855361291

92 safid the Chopper (level 4, -3/40 HPs)
             Began as a Hill Orc Fighter on Feb 27, 2022.
             Slain by an iguana (5 damage)
             ... on level 3 of the Dungeon.
             The game lasted 00:02:15 (1933 turns).

safid the Chopper (Hill Orc Fighter)                Turns: 1933, Time: 00:02:16

Health: -3/40      AC:  8    Str: 20    XL:     4   Next: 60%
Magic:  4/4        EV:  9    Int:  8    God:
Gold:   80         SH:  4    Dex: 10    Spells: 3/3 levels left

rFire   . . .      SeeInvis .   a - +0 war axe
rCold   . . .      Faith    .   c - +0 buckler
rNeg    . . .      Spirit   .   b - +0 scale mail
rPois   .          Reflect  .   i - +0 helmet
rElec   .          Harm     .   (no cloak)
rCorr   .          Rampage  .   (no gloves)
Will    .....                   (no boots)
Stlth   ..........              (no amulet)
HPRegen 0.13/turn               (no ring)
MPRegen 0.09/turn               (no ring)

@: no status effects
A: no striking features
a: no special abilities


You were on level 3 of the Dungeon.
You visited 1 branch of the dungeon, and saw 3 of its levels.

You collected 80 gold pieces.

Inventory:

Hand Weapons
 a - a +0 war axe (weapon)
Armour
 b - a +0 scale mail (worn)
 c - a +0 buckler (worn)
 i - a +0 helmet (worn)
Scrolls
 f - 2 scrolls of identify {unknown}
 h - a scroll of acquirement {unknown}
 j - a scroll of amnesia {unknown}
 m - a scroll of enchant weapon {unknown}
 n - a scroll of magic mapping {unknown}
Potions
 d - a potion of might
 e - a potion of haste {unknown}
 g - a potion of mutation {unknown}
 k - a potion of degeneration {unknown}
 l - a potion of magic {unknown}
 o - a potion of brilliance {unknown}


   Skills:
 - Level 4.0 Fighting
 + Level 4.6 Axes
 - Level 4.0 Armour
 - Level 4.0 Shields


You had 3 spell levels left.
You didn't know any spells.
Your spell library contained the following spells:

 Spells                   Type           Power      Damage    Failure   Level
 Corpse Rot               Necr/Air       0%         N/A       94%         2
 Dispel Undead            Necr           0%         3d6       100%        4
 Death Channel            Necr           0%         N/A       100%        6


Dungeon Overview and Level Annotations

Branches:
Dungeon (3/15)

Altars:


Message History

The iguana is heavily wounded.
The iguana bites you. The iguana bites you!
You are too injured to fight recklessly!
You are too injured to fight recklessly!
You are too injured to fight recklessly!
You are too injured to fight recklessly!
You are too injured to fight recklessly!
You are too injured to fight recklessly!
You are too injured to fight recklessly!
You are too injured to fight recklessly!
You are too injured to fight recklessly!
You are too injured to fight recklessly!
You are too injured to fight recklessly!
You are too injured to fight recklessly!
You are too injured to fight recklessly!
You are too injured to fight recklessly!
You are too injured to fight recklessly!
You are too injured to fight recklessly!
You are too injured to fight recklessly!
You are too injured to fight recklessly!
You are too injured to fight recklessly!
You barely miss the iguana.
The iguana is heavily wounded.
The iguana bites you but does no damage.
Unknown command.
You hit the iguana.
The iguana is heavily wounded.
The iguana bites you.
Unknown command.
You hit the iguana.
The iguana is severely wounded.
The iguana bites you!
* * * LOW HITPOINT WARNING * * *
The iguana bites you.
* * * LOW HITPOINT WARNING * * *
Unknown command.
You hit the iguana but do no damage.
The iguana is severely wounded.
The iguana bites you.
You die...

##.....†##.#
#..###....#
###.## ##..##
#####...#
#...##
......###
###..##
.....## ##..#
.....#
#..######
.....#
##........
......#
#.@#...##.
#.###....
#....l#.......
..#
....###.##.
....... ###
....... #.
....... ..#
...... ..
.....♣♣ ..#
..... ##
...♣..♣ ..#
...♣... ..#
.... .. ###


You could see an iguana.

Vanquished Creatures
  A hound (D:2)
  2 adders (D:2)
  A dart slug (D:2)
  4 endoplasms (D:1)
  2 giant cockroaches
  4 goblins (D:1)
  5 hobgoblins
  4 jackals
  3 kobolds
  A quokka (D:1)
  3 ball pythons (D:2)
  A bat (D:1)
  6 frilled lizards (D:1)
  A rat (D:3)
38 creatures vanquished.

Notes
Turn   | Place    | Note
-------+----------+-------------------------------------------
     0 | D:1      | safid the Hill Orc Fighter began the quest for the Orb.
     0 | D:1      | Reached XP level 1. HP: 19/19 MP: 1/1
    96 | D:1      | Reached XP level 2. HP: 27/27 MP: 2/2
   688 | D:1      | Found a faded altar of an unknown god.
   737 | D:1      | Reached XP level 3. HP: 33/33 MP: 3/3
  1294 | D:2      | Reached XP level 4. HP: 37/40 MP: 4/4
  1932 | D:3      | HP: 2/40 [iguana (5)]
  1933 | D:3      | Slain by an iguana

Illustrated notes

Levels and vault maps discovered:
D:1:      evilmike_arrival_fibonacci_small, layout_loops_ring,
          hellmonk_ecumenical_altar_inner_sanctum
D:2:      layout_basic, minmay_misc_feat_columns, grunt_decor_resistance
D:3:      layout_basic, nemelex_dance_club_becter, mainiacjoe_overflow_catwalk,
          lemuel_tele_altar, chequers_garden, columned_hall_lemuel

Skill      XL: |  1  2  3 |
---------------+----------+-----
Axes           | 3 4 |  4.6
Fighting       | 4 |  4.0
Armour         | 4 |  4.0
Shields        | 4 |  4.0

Action                   |  1- 3 |  4- 6 || total
-------------------------+-------+-------++-------
Melee: War axe           |    85 |    23 ||   108
Armor: Scale mail        |    32 |     7 ||    39
Dodge: Dodged            |    38 |     5 ||    43
Block: Buckler           |    19 |     4 ||    23
